 Dungeon Sprint DCSS version 0.30-a0-459-g9104f0fc43 (webtiles) character file.

Game seed: 4406488468462536394

49569 rocky1 the Peltast (level 14, -6/128 HPs)
             Began as a Formicid Fighter on Dec 16, 2022.
             Was a High Priest of Cheibriados.
             Mangled by a Killer Klown
             ... wielding a +8 club of electrocution
              (22 damage)
             ... in the Dungeon (Sprint VII: "The Pits").
             The game lasted 00:24:37 (7072 turns).

rocky1 the Peltast (Formicid Fighter)               Turns: 7072, Time: 00:24:38

Health: -6/128     AC: 12    Str: 39    XL:     14   Next: 92%
Magic:  30/30      EV: 21    Int: 23    God:    Cheibriados [*****.]
Gold:   29         SH:  0    Dex: 27    Spells: 38/38 levels left

rFire   + + .      SeeInvis .    (weapon currently unavailable)
rCold   + + .      Faith    .    (shield currently unavailable)
rNeg    + + +      Spirit   .    (body armour currently unavailable)
rPois   ∞          Reflect  .    (helmet unavailable)
rElec   +          Harm     .    (cloak currently unavailable)
rCorr   +          Rampage  .    (gloves currently unavailable)
Will    +....                    (boots currently unavailable)
Stlth   ++........               (amulet currently unavailable)
HPRegen 0.41/turn                (ring currently unavailable)
MPRegen 0.22/turn                (ring currently unavailable)

@: wisp-form, flying, unable to drink, very slow
A: insubstantial, flying, no casting, permanent stasis, dig shafts and tunnels,
tiny, (antennae 3), four strong arms
a: Renounce Religion, Bend Time, Temporal Distortion, Slouch, Step From Time


You were in the Dungeon.
You worshipped Cheibriados.
Cheibriados was extremely pleased with you.
You were an insubstantial wisp.
You visited 1 branch You collected 29 gold pieces.

Inventory:

Hand Weapons
 z - a +0 arbalest
 G - a +2 vampiric executioner's axe (melded)
 H - the +10 morningstar "Zuisitz" {flame, *Corrode Will+ Int+3}
   (You found it in the Dungeon)

   It burns those it strikes, dealing additional fire damage.
   Int:       It affects your intelligence (+3).
   *Corrode:  It may corrode you when you take damage.
   Will:      It increases your willpower.
 I - a +1 vorpal executioner's axe
Missiles
 a - 5 silver javelins
Armour
 b - a +2 crystal plate armour
 h - a +0 kite shield of reflection (melded)
 A - the -2 pair of gloves of Lethargy {rPois}
   (You found it in the Dungeon)

   rPois:     It protects you from poison.
 B - a scarf of resistance (melded)
 C - +2 gold dragon scales (melded)
 D - a +1 tower shield
 E - the +3 steam dragon scales of the Assorted Bounties {Str+6 Slay+2}
   (You found it in the Dungeon)

   Str:       It affects your strength (+6).
   Slay:      It affects your accuracy & damage with ranged weapons and melee
   (+2).
 F - a +1 pair of boots (melded)
Jewellery
 m - a +3 ring of evasion (melded)
 n - a +3 ring of strength
 r - a ring of willpower (melded)
 w - a ring of wizardry
Wands
 l - a wand of iceblast (7)
Scrolls
 i - 5 scrolls of amnesia
 s - 4 scrolls of identify
 t - 2 scrolls of fog
 u - 2 scrolls of fear
Potions
 c - a potion of flight
 d - 2 potions of might
 e - 4 potions of curing
 f - 8 potions of heal wounds
 o - a potion of mutation
Miscellaneous
 g - a tin of tremorstones (2/2)
 x - a phantom mirror
 y - a lightning rod (4/4)


   Skills:
 - Level 17.4 Fighting
 * Level 20.3 Axes
 - Level 9.1 Ranged Weapons
 - Level 17.4 Armour
 - Level 2.4 Dodging
 - Level 20.3 Shields
 - Level 12.6 Spellcasting
 - Level 15.0 Invocations
 + Level 11.5 Evocations


You had 38 spell levels left.
You didn't know any spells.
Your spell library contained the following spells:

 Spells                   Type           Power      Damage    Failure   Level
 Kiss of Death            Conj/Necr      56%        2d9       4%          1
 Sublimation of Blood     Necr           14%        N/A       7%          2
 Gell's Gravitas          Tloc           14%        N/A       13%         3
 Lesser Beckoning         Tloc           28%        N/A       13%         3
 Teleport Other           Tloc           14%        N/A       13%         3
 Alistair's Intoxication  Tmut/Pois      9%         N/A       77%         5


Dungeon Overview and Level Annotations

Branches:
Dungeon (1/1)

Altars:
Ashenzari
Cheibriados
Dithmenos
Elyvilon
Fedhas
Gozag
Hepliaklqana
Kikubaaqudgha
Makhleb
Nemelex Xobeh
Okawaru
Qazlal
Ru
Sif Muna
Trog
Uskayaw
Vehumet
Wu Jian
Xom
Yredelemnul
Zin
The Shining One
Jiyva
Lugonu

Annotations:
D Cerebov


Innate Abilities, Weirdness & Mutations

You are an insubstantial wisp.
Your tiny insubstantial body is highly resistant to most damage types.
You are flying.
Your equipment is entirely melded.
You are incapable of wielding weapons or throwing items.
You cannot cast spells.
You cannot be hasted, slowed, berserked, paralysed or teleported.
You can dig through walls and to a lower floor.
((You have a pair of large antennae on your head. (SInv)))
Your four strong arms can wield two-handed weapons with a shield.


Message History

Your +1 pair of boots melds into your body.
Your +0 kite shield of reflection melds into your body.
Your +2 gold dragon scales melds into your body.
Your +3 ring of evasion melds into your body.
Your ring of willpower melds into your body.
You feel the dreadful sensation subside.
You feel hot and cold all over.
The Killer Klown defenestrates you with a +8 club of electrocution!!
The Killer Klown pies you viciously! The klown pie hits you!
Lemon!
You feel unable to drink.
There is an open door, spattered with blood here.
You touch the Killer Klown but do no damage.
The Killer Klown is moderately wounded.
The Killer Klown trip-wires you with a +8 club of electrocution!
You touch the Killer Klown.
The Killer Klown is moderately wounded.
The Killer Klown pokes you with a +8 club of electrocution!!
* * * LOW HITPOINT WARNING * * *
Unknown command.
You touch the Killer Klown.
The Killer Klown is moderately wounded.
The Killer Klown skips for a moment.
The Killer Klown barely misses you.
You touch the Killer Klown.
The Killer Klown is moderately wounded.
You touch the Killer Klown!
The Killer Klown is moderately wounded.
The Killer Klown closely misses you.
You touch the Killer Klown!
The Killer Klown is moderately wounded.
The Killer Klown trip-wires you with a +8 club of electrocution.
* * * LOW HITPOINT WARNING * * *
You touch the Killer Klown.
The Killer Klown is moderately wounded.
The Killer Klown sucker-punches you with a +8 club of electrocution!
* * * LOW HITPOINT WARNING * * *
You barely miss the Killer Klown.
The Killer Klown is moderately wounded.
The Killer Klown flogs you with a +8 club of electrocution!!
You die...

{ {
{{{
{{{
{
#+#
#.#
{
#v#
#p#
#'#
#.#
#)#
#.#
#'#
#)#
{


{{{{ #+# You could see a Killer Klown.

Vanquished Creatures
  A royal mummy (D)
  A deep elf blademaster (D)
  A shadow dragon (D)
  Donald (D)
  2 nagarajas (D)
  An emperor scorpion (D)
  Aizul (D)
  2 orc warlords (D)
  A spriggan defender (D)
  An ophan (D)
  A lorocyproca (D)
  A purple draconian (D)
  Azrael (D)
  A minotaur (D)
  An ettin (D)
  A yaktaur captain (D)
  A deep elf high priest (D)
  A vault guard (D)
  Erolcha (D)
  An anaconda (D)
  A hydra (D)
  A merfolk aquamancer (D)
  A death knight (D)
  4 naga warriors (D)
  2 alligators (D)
  3 death yaks (D)
  A vampire mage (D)
  2 deep elf knights (D)
  A shadow wraith (D)
  A fire crab (D)
  A spriggan druid (D)
  A cherub (D)
  A naga ritualist (D)
  A bog body (D)
  2 lindwurms (D)
  11 orc knights (D)
  3 deep elf pyromancers (D)
  A necromancer (D)
  A moth of wrath (D)
  An orc sorcerer (D)
  An elephant (D)
  2 black mambas (D)
  A naga mage (D)
  An orange demon (D)
  A molten gargoyle (D)
  Joseph (D)
  A smoke demon (D)
  An eye of devastation (D)
  An unseen horror (D)
  Psyche (D)
  A yaktaur (D)
  3 demonic crawlers (D)
  An ice devil (D)
  A komodo dragon (D)
  A freezing wraith (D)
  A kobold demonologist (D)
  A troll (D)
  A wind drake (D)
  A tyrant leech (D)
  A hornet (D)
  A tarantella (D)
  A snapping turtle (D)
  A flying skull (D)
  3 spriggans (D)
  2 water elementals (D)
  A wraith (D)
  3 yaks (D)
  A fire bat (D)
  A fire elemental (D)
  A steam dragon (D)
  2 vampire mosquitoes (D)
  An acid dragon (D)
  A large abomination (D)
  3 nagas (D)
  2 water moccasins (D)
  3 hell hounds (D)
  2 orc warriors (D)
  2 black bears (D)
  2 swamp drakes (D)
  Pargi (D)
  A wolf (D)
  A phantom (D)
  A gnoll sergeant (D)
  3 wights (D)
  An orc priest (D)
  An iron imp (D)
  A hell rat (D)
  7 gnolls (D)
  A river rat (D)
  2 adders (D)
  A white imp (D)
  2 ufetubi (D)
  An adder skeleton (D)
  7 orcs (D)
  A bat skeleton (D)
  2 bat zombies (D)
  An endoplasm (D)
  A giant cockroach (D)
  A hobgoblin (D)
  3 jackals (D)
  A quokka (D)
  A ball python zombie (D)
  2 bats (D)
  A bat simulacrum (D)
  A frilled lizard (D)
  A jackal skeleton (D)
  A kobold (D)
  A rat (D)
167 creatures vanquished.

Vanquished Creatures (others)
  2 water elementals (D)
  A ball python zombie (D)
  A quokka zombie (D)
4 creatures vanquished.

Grand Total: 171 creatures vanquished

Notes
Turn   | Place    | Note
-------+----------+-------------------------------------------
     0 | D        | rocky1 the Formicid Fighter began the quest for the Orb.
     0 | D        | Reached XP level 1. HP: 18/18 MP: 1/1
    19 | D        | Reached skill level 1 in Dodging
    45 | D        | Found a bloodstained altar of Trog.
    45 | D        | Found a shimmering blue altar of Sif Muna.
    45 | D        | Found a viscous altar of Jiyva.
    45 | D        | Found a hazy altar of Hepliaklqana.
    45 | D        | Found an opulent altar of Gozag.
    46 | D        | Found a glowing golden altar of the Shining One.
    46 | D        | Found a glowing silver altar of Zin.
    46 | D        | Found a basalt altar of Yredelemnul.
    46 | D        | Found a shimmering altar of Xom.
    46 | D        | Found an ornate altar of the Wu Jian Council.
    46 | D        | Found a sacrificial altar of Ru.
    46 | D        | Found a stormy altar of Qazlal.
    46 | D        | Found an iron altar of Okawaru.
    46 | D        | Found a sparkling altar of Nemelex Xobeh.
    46 | D        | Found a burning altar of Makhleb.
    46 | D        | Found a blossoming altar of Fedhas.
    46 | D        | Found a white marble altar of Elyvilon.
    46 | D        | Found a shadowy altar of Dithmenos.
    46 | D        | Found a snail-covered altar of Cheibriados.
    49 | D        | Found a corrupted altar of Lugonu.
    49 | D        | Found a radiant altar of Vehumet.
    50 | D        | Found an ancient bone altar of Kikubaaqudgha.
    50 | D        | Found a hide-covered altar of Uskayaw.
    50 | D        | Found a broken altar of Ashenzari.
    61 | D        | Became a worshipper of Cheibriados the Contemplative
    78 | D        | Reached XP level 2. HP: 25/25 MP: 2/2
    78 | D        | Reached * piety under Cheibriados
    79 | D        | Reached skill level 5 in Shields
    79 | D        | Reached XP level 3. HP: 30/30 MP: 3/3
   103 | D        | Reached ** piety under Cheibriados
   108 | D        | Reached *** piety under Cheibriados
   250 | D        | Noticed a black bear
   266 | D        | Killed a black bear
   267 | D        | Reached skill level 5 in Fighting
   267 | D        | Reached skill level 5 in Armour
   267 | D        | Reached XP level 4. HP: 23/40 MP: 3/6
   267 | D        | Reached XP level 5. HP: 27/46 MP: 3/7
   267 | D        | Reached **** piety under Cheibriados
   272 | D        | Reached ***** piety under Cheibriados
   436 | D        | Noticed Erolcha
   451 | D        | Killed Erolcha
   452 | D        | Reached skill level 10 in Shields
   452 | D        | Reached XP level 6. HP: 30/57 MP: 5/12
   452 | D        | Reached XP level 7. HP: 34/63 MP: 5/13
   452 | D        | Reached XP level 8. HP: 37/70 MP: 5/14
   658 | D        | Noticed Pargi
   683 | D        | Killed Pargi
   683 | D        | Reached ****** piety under Cheibriados
   738 | D        | Noticed a demonic crawler
   746 | D        | Killed a demonic crawler
   747 | D        | Reached skill level 10 in Armour
   747 | D        | Reached XP level 9. HP: 66/78 MP: 9/16
   749 | D        | Reached skill level 10 in Fighting
   890 | D        | Noticed a deep elf pyromancer
   890 | D        | Noticed an orc knight
   891 | D        | Noticed an orc sorcerer
   894 | D        | Noticed a troll
   898 | D        | Killed an orc knight
   898 | D        | Killed a deep elf pyromancer
   899 | D        | Reached skill level 10 in Invocations
   899 | D        | Killed an orc sorcerer
   900 | D        | Reached skill level 10 in Axes
   900 | D        | Reached XP level 10. HP: 17/88 MP: 2/18
   902 | D        | Reached skill level 1 in Spellcasting
   902 | D        | Noticed a black mamba
   905 | D        | Killed a black mamba
  1182 | D        | Noticed an unseen horror
  1182 | D        | Noticed Psyche
  1191 | D        | Killed Psyche
  1196 | D        | Killed an unseen horror
  1459 | D        | Noticed a black mamba
  1461 | D        | Noticed a lindwurm
  1462 | D        | Killed a black mamba
  1473 | D        | Killed a lindwurm
  1474 | D        | Reached XP level 11. HP: 14/96 MP: 11/20
  1812 | D        | Noticed an emperor scorpion
  1816 | D        | Reached skill level 5 in Spellcasting
  1832 | D        | Killed an emperor scorpion
  1833 | D        | Reached skill level 15 in Shields
  2274 | D        | Noticed Donald
  2274 | D        | Noticed a naga ritualist
  2279 | D        | Killed Donald
  2285 | D        | Killed a naga ritualist
  2610 | D        | Noticed a shadow wraith
  2610 | D        | Noticed an anaconda
  2611 | D        | Noticed a death yak
  2617 | D        | Killed an anaconda
  2618 | D        | Reached XP level 12. HP: 77/107 MP: 11/23
  2619 | D        | Killed a shadow wraith
  2624 | D        | Killed a death yak
  2816 | D        | Noticed an eight-headed hydra
  2821 | D        | Killed an eight-headed hydra
  2822 | D        | Reached skill level 15 in Invocations
  3070 | D        | Reached skill level 1 in Evocations
  3374 | D        | Noticed a death knight
  3386 | D        | Killed a death knight
  3498 | D        | Noticed a nagaraja
  3498 | D        | Noticed an ophan
  3498 | D        | Noticed a purple draconian
  3498 | D        | Noticed Aizul
  3498 | D        | Noticed a spriggan rider
  3500 | D        | Killed a spriggan rider
  3501 | D        | Reached skill level 15 in Fighting
  3501 | D        | Reached skill level 15 in Armour
  3502 | D        | Killed Aizul
  3503 | D        | Killed an ophan
  3504 | D        | Reached skill level 5 in Evocations
  3506 | D        | Killed a purple draconian
  3507 | D        | Reached skill level 10 in Spellcasting
  3510 | D        | Killed a nagaraja
  3511 | D        | Reached XP level 13. HP: 39/116 MP: 2/27
  4655 | D        | Noticed an orc warlord
  4655 | D        | Noticed an orc warlord
  4655 | D        | Noticed a vault guard
  4657 | D        | Noticed a shadow dragon
  4673 | D        | Killed an orc warlord
  4675 | D        | Killed a vault guard
  4680 | D        | Killed a shadow dragon
  4681 | D        | Killed an orc warlord
  4688 | D        | Reached skill level 15 in Axes
  4970 | D        | Noticed a spriggan defender
  4975 | D        | Killed a spriggan defender
  5141 | D        | Reached XP level 14. HP: 87/128 MP: 30/30
  5534 | D        | Noticed a lorocyproca
  5535 | D        | Noticed a deep elf blademaster
  5539 | D        | Killed a deep elf blademaster
  5540 | D        | Reached skill level 1 in Ranged Weapons
  5540 | D        | Reached skill level 10 in Evocations
  5542 | D        | Killed a lorocyproca
  5615 | D        | Got the -2 pair of gloves of Lethargy {rPois}
  5661 | D        | Got the +3 steam dragon scales of the Assorted Bounties
                  | {Str+6 Slay+2}
  5742 | D        | Got the +10 morningstar "Zuisitz" {flame, *Corrode Will+
                  | Int+3}
  5888 | D        | Noticed a minotaur
  5892 | D        | Killed a minotaur
  5954 | D        | Reached skill level 5 in Ranged Weapons
  5984 | D        | Noticed Azrael
  5990 | D        | Killed Azrael
  5991 | D        | Noticed a nagaraja
  5993 | D        | Noticed Joseph
  5997 | D        | Killed Joseph
  6021 | D        | HP: 6/128 [nagaraja/bolt of poison (17)]
  6025 | D        | Killed a nagaraja
  6247 | D        | Got the Codex of Poisonous Iniquitous Mysteries
  6358 | D        | Found the +6 sword of Cerebov {flame}
  6358 | D        | Noticed Cerebov
  6752 | D        | Noticed a royal mummy
  6767 | D        | Noticed an emperor scorpion
  6767 | D        | Killed a royal mummy
  7059 | D        | Noticed a Killer Klown
  7072 | D        | Mangled by a Killer Klown

Illustrated notes

Levels and vault maps discovered:
D:        pitsprint [storerooms_1, entrance_room_1, metal_vault_5, armoury_1,
          mini_pit_1, grid_room_1, main_hall_1, silver_pit, the_coven_2,
          the_vestibule_1, steel_vault_4, golden_pit, hallway_of_sentries,
          crystal_vault_4, iron_vault_1, final_vault]

Skill      XL: |  1  2  3  4  5  6  7  8  9 10 11 12 13 14 |
---------------+-------------------------------------------+-----
Dodging        | 1 2 |  2.4
Fighting       | 4 5 8 9 11 12 14 15 17 | 17.4
Armour         | 4 5 8 10 11 12 14 15 17 | 17.4
Axes           | 3 4 7 8 10 11 12 14 15 20 | 20.3
Shields        | 5 7 10 11 13 14 16 18 20 | 20.3
Invocations    | 3 8 9 11 12 14 15 | 15.0
Spellcasting   | 4 7 10 12 | 12.6
Evocations     | 5 9 11 | 11.5
Ranged Weapons | 9 |  9.1

Action                   |  1- 3 |  4- 6 |  7- 9 | 10-12 | 13-15 || total
-------------------------+-------+-------+-------+-------+-------++-------
Melee: War axe           |    18 |       |       |       |       ||    18
       Hand axe          |    11 |    31 |    33 |       |       ||    75
       Broad axe         |       |       |     6 |   109 |   115 ||   230
       Executioner's axe |       |       |       |       |   100 ||   100
       Unarmed           |       |       |       |       |     8 ||     8
Invok: Bend Time         |       |     1 |       |       |       ||     1
       Slouch            |       |       |     4 |    25 |    27 ||    56
       Step From Time    |       |       |       |       |     1 ||     1
Evoke: Phantom mirror    |       |       |       |       |     2 ||     2
       Lightning rod     |       |       |       |       |     1 ||     1
  Use: Potion            |     1 |       |       |     8 |    14 ||    23
       Scroll            |       |       |       |       |     5 ||     5
 Stab: Invisible         |       |       |       |     2 |       ||     2
       Distracted        |       |       |       |       |     2 ||     2
Armor: Scale mail        |    18 |       |       |       |       ||    18
       Plate armour      |    14 |     2 |    14 |       |       ||    30
       Chain mail        |       |       |       |    38 |       ||    38
       Crystal plate arm |       |       |       |    26 |    86 ||   112
Dodge: Dodged            |    39 |    10 |    19 |    86 |    74 ||   228
Block: Buckler           |    18 |     8 |    22 |    51 |       ||    99
       Kite shield       |       |       |       |    47 |   197 ||   244
       Reflection        |       |       |       |     1 |    18 ||    19

Table legend: (Time is in decaauts)
 A = Elapsed time spent in this place.
 B = Non-inter-level travel time spent in this place.
 C = Inter-level travel time spent in this place.
 D = Time resting spent in this place.
 E = Time spent auto-exploring this place.
 F = Levels seen in this place.
 G = Mean time per level.
                   A        B        C        D        E       F      G
               +--------+--------+--------+--------+--------+-----+--------+
         Total |   8133 |   7870 |    263 |   5138 |     36 |   1 | 8133.0 |
       Dungeon |   8133 |   7870 |    263 |   5138 |     36 |   1 | 8133.0 |
               +--------+--------+--------+--------+--------+-----+--------+

Top non-repeatable levels by time:
       D: 8133 daAuts
